[Event "Team 45 45 League T53"]
[Site "Internet Chess Club"]
[Date "2012.06.17"]
[Round "5"]
[White "AVEMARIA"]
[Black "jotap"]
[Result "1-0"]
[WhiteElo "1714"]
[BlackElo "1655"]
[Opening "Bishop's opening: Berlin defense"]
[ECO "C24"]
[Time "08:01:01"]
[TimeControl "2700+45"]

1. e4 e5 2. Bc4 Nf6 3. d3 c6 4. Qe2 Be7 5. Nf3 O-O 6. c3 d5 7. Bb3 Bg4 8. Nbd2
Nbd7 9. h3 Bh5 10. O-O Qc7 11. Re1 Bd6 12. Nf1 Rfe8 13. Ng3 Bg6 14. Bc2 Rac8 15.
Nh4 Nf8 16. Bg5 Re6 17. Nhf5 N8d7 18. Qd2 c5 19. Bb3 Nb6 20. Rad1 Bf8 21. Nh4 c4
22. Nxg6 hxg6 23. dxc4 Nxc4 24. Qe2 Rd6 25. Bxf6 gxf6 26. exd5 Na5 27. Ne4 Rb6
28. d6 Bxd6 29. Nxf6+ Kg7 30. Nd5 Qc6 31. Nxb6 Qxb6 32. Qf3 Nxb3 33. axb3 Bb8
34. Rd7 Qxb3 35. Rxb7 Qe6 36. Rd1 e4 37. Qe3 Bh2+ 38. Kxh2 {Black resigns} 1-0

[Event "Team 45 45 League T53"]
[Site "Internet Chess Club"]
[Date "2012.06.16"]
[Round "5"]
[White "samprabhur"]
[Black "tightfist"]
[Result "0-1"]
[WhiteElo "1362"]
[BlackElo "1470"]
[Opening "Pirc defense"]
[ECO "B07"]
[Time "11:03:51"]
[TimeControl "2700+45"]

1. e4 d6 2. d4 Nf6 3. Bd3 Nc6 4. Nf3 Bg4 5. c3 e6 6. O-O g6 7. Bg5 e5 8. d5 Nb8
9. Nbd2 a6 10. Qc2 Bg7 11. c4 O-O 12. Rac1 Nbd7 13. b4 Bxf3 14. Nxf3 a5 15. b5
Nc5 16. Rfd1 Qd7 17. Nd2 Qg4 18. Bxf6 Bxf6 19. Nf1 Nxd3 20. Qxd3 b6 21. Ng3 Bh4
22. Rb1 Bxg3 23. hxg3 f5 24. Qf3 Qg5 25. c5 dxc5 26. d6 fxe4 27. Qxe4 cxd6 28.
Rxd6 Rab8 29. Qd5+ Kg7 30. Re1 Rfe8 31. Rd7+ Kh6 32. Re4 Re7 33. Rh4+ Kg7 34.
Qd6 Rb7 35. Rd8 h5 36. Qe6 Rxe6 {White resigns} 0-1

[Event "Team 45 45 League T53"]
[Site "Internet Chess Club"]
[Date "2012.06.15"]
[Round "5"]
[White "whiskeytown"]
[Black "Katrina"]
[Result "1-0"]
[WhiteElo "1442"]
[BlackElo "1307"]
[Opening "Caro-Kann: closed (Breyer) variation"]
[ECO "B10"]
[Time "12:03:35"]
[TimeControl "2700+45"]

1. e4 c6 2. d3 e5 3. Nf3 d5 4. Nbd2 dxe4 5. dxe4 Bg4 6. Be2 Bxf3 7. Bxf3 Nf6 8.
b3 Bb4 9. Bb2 Qxd2+ 10. Qxd2 Bxd2+ 11. Kxd2 Nbd7 12. Rad1 O-O-O 13. Ke3 h5 14.
h4 Ng4+ 15. Bxg4 hxg4 16. g3 Rh5 17. Rd6 g5 18. Rhd1 gxh4 19. gxh4 f5 20. Bxe5
f4+ 21. Bxf4 Rxh4 22. Bg3 Rh3 23. Kf4 Nc5 24. Rxd8+ Kc7 25. Kxg4+ {Black
resigns} 1-0

[Event "Team 45 45 League T53"]
[Site "Internet Chess Club"]
[Date "2012.06.17"]
[Round "5"]
[White "dabodhi"]
[Black "Kingpatzer"]
[Result "0-1"]
[WhiteElo "1273"]
[BlackElo "1364"]
[Opening "French: Marshall variation"]
[ECO "C10"]
[Time "12:00:55"]
[TimeControl "2700+45"]

1. e4 e6 2. d4 d5 3. Nc3 c5 4. e5 Nc6 5. Bb5 Qb6 6. Nf3 Bd7 7. Bxc6 Bxc6 8. b3
cxd4 9. Nxd4 Bc5 10. Be3 Ne7 11. O-O O-O 12. Qd3 Rac8 13. Ncb5 Bxb5 14. Nxb5
Bxe3 15. fxe3 Nc6 16. Nd6 Rc7 17. Nb5 Nxe5 18. Qd4 Qxb5 19. Qxe5 Rxc2 20. Rac1
Qe2 21. Rxc2 Qxc2 22. Rf2 Qb1+ 23. Rf1 Qxa2 24. Qc3 Qe2 25. h3 Rd8 26. Rf3 Qb5
27. Rg3 f6 28. Qc7 Qd7 29. Qf4 Rc8 30. e4 d4 31. e5 f5 32. Qh6 g6 33. h4 Rc3 34.
Rg5 Qg7 35. Qxg7+ Kxg7 36. h5 Rc1+ 37. Kh2 d3 38. Rg3 d2 39. hxg6 hxg6 {White
resigns} 0-1

[Event "Team 45 45 League T53"]
[Site "Internet Chess Club"]
[Date "2012.06.19"]
[Round "5"]
[White "badmove"]
[Black "LittleButton"]
[Result "0-1"]
[WhiteElo "1753"]
[BlackElo "1706"]
[Opening "Kevitz-Trajkovich defense"]
[ECO "A50"]
[Time "17:09:05"]
[TimeControl "2700+45"]

1. d4 Nf6 2. c4 Nc6 3. Nf3 e6 4. g3 Bb4+ 5. Bd2 Bxd2+ 6. Nbxd2 d6 7. Bg2 e5 8.
d5 Nb8 9. e4 Nbd7 10. b4 b6 11. O-O O-O 12. Ne1 a5 13. a3 Ne8 14. Nd3 Ba6 15.
bxa5 bxa5 16. f4 Qe7 17. fxe5 Nxe5 18. Nxe5 dxe5 19. Rf3 Qc5+ 20. Kh1 Nd6 21.
Rc3 Nb7 22. Nb3 Qe7 23. c5 a4 24. c6 axb3 25. cxb7 Bxb7 26. Qxb3 Rfb8 27. Qc4
Rc8 28. Bh3 Ba6 29. Qc6 Rd8 30. Qxc7 Qxc7 31. Rxc7 Bd3 32. Bg2 Ra4 33. d6 g6 34.
d7 Kf8 35. Kg1 Ke7 36. Kf2 Rxd7 37. Rxd7+ Kxd7 38. Ke3 Ba6 39. Bf3 Bb7 40. Rd1+
Ke7 41. Rd3 f5 42. exf5 Bxf3 43. fxg6 hxg6 44. Rc3 Ba8 45. Kd2 Rd4+ 46. Ke3 Kf6
47. Rc8 Ra4 48. Rc3 Kf5 49. Kf2 Be4 50. h4 Rd4 51. Ke2 Bd5 52. Ke3 Kg4 53. Kf2
e4 54. Ke3 Rd3+ 55. Rxd3 exd3 56. Kxd3 Kxg3 57. Ke3 Kxh4 58. Kf2 Kh3 59. Kg1 g5
60. a4 Bb7 61. a5 Kg3 62. Kf1 Kh2 63. Kf2 g4 {White resigns} 0-1

[Event "Team 45 45 League T53"]
[Site "Internet Chess Club"]
[Date "2012.06.18"]
[Round "5"]
[White "Skeptic1972"]
[Black "ILRE"]
[Result "1-0"]
[WhiteElo "1620"]
[BlackElo "1597"]
[Opening "French: Burn variation"]
[ECO "C11"]
[Time "12:02:15"]
[TimeControl "2700+45"]

1. e4 e6 2. d4 d5 3. Nc3 Nf6 4. Bg5 dxe4 5. Nxe4 Be7 6. Bxf6 Bxf6 7. Nf3 O-O 8.
Qd2 b6 9. O-O-O Bb7 10. Nxf6+ Qxf6 11. Ne5 Rd8 12. Bd3 h6 13. h4 Nd7 14. Ng4 Qe7
15. Nxh6+ gxh6 16. Qxh6 Nf8 17. Rh3 Ng6 18. Bxg6 fxg6 19. Qxg6+ Kf8 20. Rg3 Qf7
21. Qh6+ Ke8 22. Rg7 Qxf2 23. Qxe6+ {Black resigns} 1-0

[Event "Team 45 45 League T53"]
[Site "Internet Chess Club"]
[Date "2012.06.17"]
[Round "5"]
[White "chrisgianno"]
[Black "PaulRichard"]
[Result "1-0"]
[WhiteElo "1646"]
[BlackElo "1544"]
[Opening "QGD: 4.Nf3"]
[ECO "D37"]
[Time "11:25:30"]
[TimeControl "2700+45"]

1. d4 e6 2. c4 d5 3. Nf3 Nf6 4. Nc3 Nbd7 5. Bf4 c6 6. e3 dxc4 7. Bxc4 Nd5 8. Bg3
N7f6 9. O-O Be7 10. a3 O-O 11. Ne5 Nxc3 12. bxc3 Ne4 13. Qc2 Nxg3 14. fxg3 Bd6
15. Qe4 Qe7 16. a4 c5 17. Ra2 cxd4 18. cxd4 f6 19. Nf3 Bd7 20. Qxb7 Rfb8 21. Qe4
f5 22. Qxf5 Kh8 23. Qe4 Qe8 24. Ne5 Bxe5 25. Qxe5 Rb4 26. Bd3 Rxa4 27. Raf2 Kg8
28. Qd6 g6 29. Rf8+ Qxf8 30. Rxf8+ Rxf8 31. h4 Bc8 32. e4 Ra1+ 33. Kh2 Rd1 34.
Bc4 Rd2 35. Bxe6+ Bxe6 36. Qxe6+ Kh8 37. Qe5+ Kg8 38. d5 Rff2 39. Qe6+ Kg7 40.
Qe5+ Kh6 41. Qg5+ Kg7 42. Qe7+ Kh6 43. Kh3 Rxg2 44. Kg4 Rgf2 45. Qxa7 Rfe2 46.
Qe7 Rf2 47. d6 Rd4 48. d7 {Black resigns} 1-0

[Event "Team 45 45 League T53"]
[Site "Internet Chess Club"]
[Date "2012.06.18"]
[Round "5"]
[White "AntMantis"]
[Black "steadman"]
[Result "1/2-1/2"]
[WhiteElo "2045"]
[BlackElo "2193"]
[Opening "King's Indian: fianchetto with ...Nc6"]
[ECO "E62"]
[Time "20:04:36"]
[TimeControl "2700+45"]

1. d4 Nf6 2. Nf3 g6 3. c4 Bg7 4. Nc3 d6 5. g3 O-O 6. Bg2 Nc6 7. h3 a6 8. O-O Rb8
9. e4 b5 10. cxb5 axb5 11. Qc2 Bd7 12. Be3 b4 13. Ne2 b3 14. axb3 Nb4 15. Qb1
Bb5 16. Qd1 Nxe4 17. Nd2 Nf6 18. Nc4 Bc6 19. Bxc6 Nxc6 20. Nc3 Qd7 21. Kg2 Nb4
22. Qe2 Nbd5 23. Ra3 h5 24. Rfa1 Nb4 25. Ra7 Nfd5 26. R1a3 e6 27. Ra1 Nc6 28.
R7a4 Rxb3 29. Nxd5 exd5 30. Na5 Nxa5 31. Rxa5 Rfb8 32. Ra8 Qb5 33. Qc2 Qc4 34.
Qd2 Kh7 35. Rxb8 Rxb8 36. Rc1 Qb4 {Game drawn by mutual agreement} 1/2-1/2

[Event "Team 45 45 League T53"]
[Site "Internet Chess Club"]
[Date "2012.06.15"]
[Round "5"]
[White "Kueh"]
[Black "BirchRun"]
[Result "1-0"]
[WhiteElo "1982"]
[BlackElo "1477"]
[Opening "Scandinavian defense"]
[ECO "B01"]
[Time "14:00:44"]
[TimeControl "2700+45"]

1. e4 d5 2. exd5 Nf6 3. d4 Qxd5 4. c4 Qe4+ 5. Be2 Nc6 6. Nf3 Bg4 7. Nc3 Qf5 8.
Be3 O-O-O 9. O-O e5 10. d5 e4 11. Nh4 Qh5 12. Bxg4+ Nxg4 13. h3 Qxh4 14. Qxg4+
Qxg4 15. hxg4 Ne5 16. Nxe4 Nxc4 17. Bxa7 b6 18. Rac1 Kb7 19. Rxc4 Rxd5 20. Rfc1
Rd7 21. b4 Be7 22. Nc5+ Bxc5 23. bxc5 Kxa7 24. cxb6+ cxb6 25. Rc7+ Rxc7 26.
Rxc7+ Ka6 27. Rxf7 Rg8 28. g5 Kb5 29. f4 Kc4 30. Kf2 b5 31. Kf3 b4 32. f5 Kd5
33. Kf4 h6 34. g6 Ra8 35. f6 gxf6 36. g7 Rg8 37. Kf5 h5 38. Kxf6 h4 39. Rf8
{Black resigns} 1-0

[Event "Team 45 45 League T53"]
[Site "Internet Chess Club"]
[Date "2012.06.14"]
[Round "5"]
[White "Nimbus"]
[Black "CaoCao"]
[Result "1/2-1/2"]
[WhiteElo "1794"]
[BlackElo "1878"]
[Opening "Réti opening"]
[ECO "A04"]
[Time "21:32:32"]
[TimeControl "2700+45"]

1. Nf3 b6 2. c4 Bb7 3. g3 Nf6 4. Bg2 e5 5. d3 Bb4+ 6. Nbd2 O-O 7. O-O Bxd2 8.
Bxd2 d6 9. Bc3 Nbd7 10. Nd2 Bxg2 11. Kxg2 a5 12. e3 Nc5 13. d4 exd4 14. exd4
Ncd7 15. Re1 d5 16. b3 c6 17. Qf3 Qc7 18. Rac1 Rfe8 19. Rxe8+ Rxe8 20. cxd5 cxd5
21. Qd3 Qd6 22. Bb2 Ne4 23. Re1 Ndf6 24. f3 Nxd2 25. Rxe8+ Nxe8 26. Qxd2 Qc6 27.
Qc3 Qxc3 28. Bxc3 Nd6 29. Kf2 Nb5 30. Bb2 Nc7 31. Ba3 Ne6 32. Ke3 f6 33. h3 Kf7
34. f4 g6 35. g4 {Game drawn by mutual agreement} 1/2-1/2

[Event "Team 45 45 League T53"]
[Site "Internet Chess Club"]
[Date "2012.06.18"]
[Round "5"]
[White "IceBox"]
[Black "KoalieAwe"]
[Result "1/2-1/2"]
[WhiteElo "1870"]
[BlackElo "1769"]
[Opening "QGD Slav defense: exchange variation"]
[ECO "D13"]
[Time "17:08:24"]
[TimeControl "2700+45"]

1. d4 d5 2. c4 c6 3. cxd5 cxd5 4. Nc3 Nf6 5. Nf3 e6 6. Bf4 Be7 7. e3 O-O 8. Bd3
Nc6 9. Rc1 a6 10. O-O Bd7 11. Bb1 Rc8 12. Ne5 Re8 13. Ng4 Nxg4 14. Qxg4 e5 15.
Bxh7+ Kxh7 16. Qh5+ Kg8 17. dxe5 g6 18. Qf3 Be6 19. Rcd1 Qb6 20. Rd2 Qa5 21.
Rfd1 Bb4 22. Nxd5 Bxd2 23. Nf6+ Kf8 24. Qg3 Red8 25. Qh4 Bxe3 26. Nh7+ {Game
drawn by mutual agreement} 1/2-1/2

[Event "Team 45 45 League T53"]
[Site "Internet Chess Club"]
[Date "2012.06.16"]
[Round "5"]
[White "alexdb"]
[Black "Tamarin"]
[Result "1-0"]
[WhiteElo "1894"]
[BlackElo "1888"]
[Opening "Caro-Kann: closed (Breyer) variation"]
[ECO "B10"]
[Time "21:59:38"]
[TimeControl "2700+45"]

1. e4 c6 2. d3 d5 3. Nd2 e5 4. Ngf3 Bd6 5. Be2 Nf6 6. c3 O-O 7. h3 Nbd7 8. Qc2
b6 9. g4 dxe4 10. dxe4 Nc5 11. b4 Ne6 12. Nc4 Qc7 13. Ng5 Re8 14. Nxe6 Rxe6 15.
Ne3 Bb7 16. Bf3 c5 17. b5 a6 18. g5 Ne8 19. bxa6 Bxa6 20. Nd5 Qa7 21. Bg4 Rg6
22. h4 Be7 23. Bf5 Rd6 24. c4 b5 25. Bb2 bxc4 26. Bxe5 Rdd8 27. Rb1 Bd6 28. Bb2
Nc7 29. Qc3 Bf8 30. Nf6+ Kh8 31. Nxh7 Kg8 32. Nxf8 Kxf8 33. Qxg7+ Ke8 34. Qg8+
Ke7 35. Bf6+ Kd6 36. Rd1+ Kc6 37. Rxd8 Qb6 38. O-O {Black resigns} 1-0

[Event "Team 45 45 League T53"]
[Site "Internet Chess Club"]
[Date "2012.06.15"]
[Round "5"]
[White "bobhill"]
[Black "DreamCatcher13"]
[Result "0-1"]
[WhiteElo "1912"]
[BlackElo "2021"]
[Opening "Queen's bishop game"]
[ECO "D02"]
[Time "15:24:49"]
[TimeControl "2700+45"]

1. d4 d5 2. Nf3 Nf6 3. Bf4 c5 4. e3 Nc6 5. c3 Qb6 6. Qb3 c4 7. Qxb6 axb6 8. Na3
Bf5 9. Nb5 Ra5 10. a4 Bc2 11. Bc7 Bxa4 12. Na3 Ra6 13. Be2 e6 14. O-O Be7 15.
Bd1 Kd7 16. Bxa4 Kxc7 17. b4 Rha8 18. Bxc6 Rxa3 19. Rxa3 Rxa3 20. Bb5 Rxc3 21.
Ne5 Rb3 22. Ra1 Bxb4 23. Ba4 Ra3 24. Rxa3 Bxa3 25. Nxf7 Ne4 26. Bc2 b5 27. f3
Nc3 28. Ng5 Kd6 29. f4 b4 30. Nf3 g6 31. Nd2 Bc1 32. Nb1 Bxe3+ 33. Kf1 Nxb1 34.
Bxb1 Bxd4 35. Ke2 b3 36. g4 c3 37. Bd3 c2 38. Kd2 Be3+ {White resigns} 0-1

[Event "Team 45 45 League T53"]
[Site "Internet Chess Club"]
[Date "2012.06.18"]
[Round "5"]
[White "latayvia"]
[Black "Skwerly"]
[Result "0-1"]
[WhiteElo "1759"]
[BlackElo "1913"]
[Opening "Alekhine's defense: exchange variation"]
[ECO "B03"]
[Time "17:00:20"]
[TimeControl "2700+45"]

1. e4 Nf6 2. e5 Nd5 3. d4 d6 4. c4 Nb6 5. exd6 cxd6 6. Nc3 g6 7. Be3 Bg7 8. Rc1
Nc6 9. d5 Ne5 10. f4 Ng4 11. Bd4 Nf6 12. Nf3 Bg4 13. h3 Bxf3 14. Qxf3 Rc8 15. b3
O-O 16. Be2 Re8 17. O-O a6 18. Qf2 Nbd7 19. b4 e5 20. fxe5 Nxe5 21. Na4 Qe7 22.
Nb6 Rc7 23. Bxe5 Qxe5 24. Bf3 Bh6 25. Rce1 Qc3 26. Rxe8+ Nxe8 27. Re1 Nf6 28. c5
Bd2 29. Re2 Bf4 30. g3 Be5 31. Rxe5 Qxe5 32. c6 bxc6 33. dxc6 d5 34. Qc5 Qxg3+
35. Bg2 Ne4 36. Qxd5 Qf2+ 37. Kh2 Qf4+ 38. Kg1 Ng3 39. Na8 Ne2+ 40. Kh1 Qc1+ 41.
Kh2 Qg1# {White checkmated} 0-1

[Event "Team 45 45 League T53"]
[Site "Internet Chess Club"]
[Date "2012.06.14"]
[Round "5"]
[White "Babbs58"]
[Black "mongmong"]
[Result "0-1"]
[WhiteElo "1484"]
[BlackElo "1694"]
[Opening "French: Winawer, advance variation"]
[ECO "C16"]
[Time "18:02:32"]
[TimeControl "2700+45"]

1. e4 e6 2. d4 d5 3. Nc3 Bb4 4. e5 Ne7 5. Bd3 c5 6. Be3 Nbc6 7. Bb5 a6 8. Bxc6+
Nxc6 9. f4 Qa5 10. Qd2 cxd4 11. Bxd4 Nxd4 12. Qxd4 Bxc3+ 13. bxc3 Bd7 14. Ne2
Rc8 15. O-O Qc5 16. Qxc5 Rxc5 17. Rfb1 b5 18. Rb3 O-O 19. Rc1 Rfc8 20. Ra3 Ra8
21. Ra5 Rc4 22. Rb1 g6 23. Rb3 Ra4 24. Rxa4 bxa4 25. Rb7 Bb5 26. Nd4 Bc4 27. a3
Rc8 28. Rb4 Bb5 29. Nxb5 axb5 30. Rxb5 Rxc3 31. Ra5 Rxa3 32. Kf2 Ra2 33. Ke3
Rxc2 34. Rxa4 Rxg2 35. h4 h5 36. Kf3 Rg4 37. Rd4 Rxh4 38. Kg3 Rg4+ 39. Kh3 g5
40. Ra4 Rxf4 41. Rd4 Rxd4 {White resigns} 0-1

[Event "Team 45 45 League T53"]
[Site "Internet Chess Club"]
[Date "2012.06.14"]
[Round "5"]
[White "moomaster"]
[Black "ice-cream"]
[Result "1-0"]
[WhiteElo "1661"]
[BlackElo "1644"]
[Opening "Queen's pawn game"]
[ECO "E10"]
[Time "19:11:48"]
[TimeControl "2700+45"]

1. Nf3 Nf6 2. c4 e6 3. d4 d5 4. g3 c6 5. Bg2 dxc4 6. Ne5 c5 7. Qa4+ Nbd7 8. dxc5
Bxc5 9. Nxd7 Qxd7 10. Qxd7+ Nxd7 11. Nc3 O-O 12. O-O Rb8 13. Ne4 Be7 14. Rd1 Nf6
15. Nxf6+ Bxf6 16. Bf4 e5 17. Be3 b6 18. Rac1 Be6 19. Bd5 Bxd5 20. Rxd5 Rfc8 21.
Kg2 Kf8 22. Bd2 Ke7 23. Bb4+ Ke6 24. Rd6+ Kf5 25. f3 a5 26. e4+ Kg6 27. Bc3 Rc5
28. f4 Kh5 29. Kf3 Be7 30. g4+ Kh4 31. h3 Bxd6 32. Be1+ Kxh3 33. Bg3 f5 34. Rh1#
{Black checkmated} 1-0

[Event "Team 45 45 League T53"]
[Site "Internet Chess Club"]
[Date "2012.06.19"]
[Round "5"]
[White "koni"]
[Black "minke"]
[Result "1-0"]
[WhiteElo "1895"]
[BlackElo "1891"]
[Opening "Pirc: 150 attack"]
[ECO "B07"]
[Time "03:00:37"]
[TimeControl "2700+45"]

1. e4 d6 2. d4 Nf6 3. Nc3 g6 4. Be3 c6 5. Qd2 b5 6. Bd3 Nbd7 7. Nf3 Nb6 8. O-O
Bg7 9. Bh6 O-O 10. e5 Nfd5 11. Nxd5 Nxd5 12. Rfe1 Bg4 13. Bxg7 Kxg7 14. Be4 Qc7
15. h3 Bxf3 16. Bxf3 dxe5 17. Rxe5 Rad8 18. Rae1 e6 19. c3 Qa5 20. a3 Qc7 21. h4
Qe7 22. h5 Qh4 23. Rg5 h6 24. Rg3 Qf6 25. hxg6 fxg6 26. Be4 g5 27. Rf3 Qe7 28.
Bxd5 cxd5 29. Rfe3 Rd6 30. Qe2 Qf7 31. Rf3 Qe7 32. Rxf8 Qxf8 33. Qxb5 Rb6 34.
Qe2 Qb8 35. b4 Rc6 36. Rc1 Qc7 37. Qe3 e5 38. dxe5 Rc4 39. e6 Re4 40. Qf3 Qe7
41. c4 Qxe6 42. cxd5 Qxd5 43. Rc7+ Kg6 44. Re7 Rd4 45. Qxd5 Rxd5 46. Rxa7 Rd1+
47. Kh2 h5 48. g3 g4 49. b5 Rd3 50. b6 Rb3 51. b7 Kg5 52. a4 {Black resigns} 1-0

[Event "Team 45 45 League T53"]
[Site "Internet Chess Club"]
[Date "2012.06.15"]
[Round "5"]
[White "Tamarin"]
[Black "kabindra"]
[Result "1-0"]
[WhiteElo "1905"]
[BlackElo "1793"]
[Opening "Trompowsky attack (Ruth, Opocenský opening)"]
[ECO "A45"]
[Time "19:30:42"]
[TimeControl "2700+45"]

1. d4 Nf6 2. Bg5 g6 3. Bxf6 exf6 4. e3 Bg7 5. Ne2 O-O 6. g3 d5 7. Bg2 Bg4 8. O-O
Qd7 9. c4 c6 10. cxd5 cxd5 11. Nbc3 Rd8 12. Nxd5 Nc6 13. Rc1 Bh3 14. Ndf4 Bxg2
15. Kxg2 Qf5 16. Qb3 Rab8 17. Rc5 Qe4+ 18. Kg1 Qf3 19. Nc3 Ne7 20. Rc7 Bf8 21.
Rd1 g5 22. Nd3 Rdc8 23. Rd7 Qc6 24. Nc5 b6 25. N5e4 Kg7 26. Rd6 Qc4 27. Qxc4
Rxc4 28. Rxf6 h6 29. Rd6 f5 30. Nd2 Rc7 31. Nb3 Kf7 32. Rc1 Rbc8 33. Rd1 Nc6 34.
Rd5 Ke6 35. e4 fxe4 36. Re1 Nb4 37. Rxe4+ Kf6 38. Rde5 Nd3 39. Re6+ Kf7 40. d5
Nxb2 41. Nb5 Rd7 42. d6 a6 43. N5d4 Rxd6 44. Rxd6 Bxd6 45. Re6 Bf8 46. Rxb6 a5
47. Nxa5 Rc1+ 48. Kg2 Nd3 49. Rb7+ Kf6 50. Rb6+ Kf7 51. Rb3 Ne1+ 52. Kh3 Rd1 53.
Nf3 Nc2 54. Rb2 Nb4 55. Nc4 Nd3 56. Nfe5+ Nxe5 57. Nxe5+ Ke6 58. Nc4 Rc1 59. Ne3
Ra1 60. Kg2 Bg7 61. Rb6+ Ke5 62. Ra6 h5 63. Ra5+ Kf6 64. Nd5+ Kg6 65. Ra6+ Kf5
66. a4 Bd4 67. Ra5 Ke6 68. Nc7+ Kf6 69. Nb5 Be5 70. Ra8 Ke7 71. a5 Rb1 72. Na7
Kd6 73. Nc8+ Kc7 74. a6 Rb8 75. Rxb8 Kxb8 76. a7+ Kb7 77. Ne7 Bf6 78. Nc6 h4 79.
gxh4 gxh4 80. h3 Bg5 81. Kf3 Bd2 82. Kg4 Be1 83. f4 Bd2 84. f5 Be1 85. Kg5 Bf2
86. f6 Be1 87. f7 Bd2+ 88. Kg6 {Black resigns} 1-0

[Event "Team 45 45 League T53"]
[Site "Internet Chess Club"]
[Date "2012.06.15"]
[Round "5"]
[White "subterfuge"]
[Black "az2112"]
[Result "0-1"]
[WhiteElo "1689"]
[BlackElo "1735"]
[Opening "Grünfeld: exchange, classical variation"]
[ECO "D86"]
[Time "21:30:16"]
[TimeControl "2700+45"]

1. d4 Nf6 2. c4 g6 3. Nc3 d5 4. cxd5 Nxd5 5. e4 Nxc3 6. bxc3 Bg7 7. Bc4 c5 8.
Ne2 Nc6 9. Bb2 cxd4 10. cxd4 O-O 11. O-O Bg4 12. f3 Bd7 13. Rb1 Na5 14. Bd3 b5
15. Kh1 Nc4 16. Bxc4 bxc4 17. Nc3 Qa5 18. Qd2 Rfd8 19. Rfd1 Ba4 20. Nxa4 Qxa4
21. Bc3 e6 22. Rb7 Rd7 23. Rdb1 Rad8 24. e5 Bxe5 25. Rxd7 Qxd7 26. Rd1 Bg7 27.
g3 Qd5 28. Qe2 e5 29. Kg2 exd4 30. Qe7 Qd7 31. Qc5 Rc8 32. Qa5 d3 33. Bb4 c3 34.
Qa6 c2 35. Rxd3 Qe6 36. Rd6 c1=Q 37. Rxe6 fxe6 38. Qxe6+ Kh8 39. a3 Rc2+ 40. Kh3
Qf1+ 41. Kg4 Rc4+ 42. f4 h5+ 43. Kg5 Rxf4 44. Qe8+ Rf8 45. Bxf8 Qf6# {White
checkmated} 0-1

[Event "Team 45 45 League T53"]
[Site "Internet Chess Club"]
[Date "2012.06.18"]
[Round "5"]
[White "clarinetref"]
[Black "cys456"]
[Result "0-1"]
[WhiteElo "1628"]
[BlackElo "1760"]
[Opening "Nimzovich-Larsen attack: English variation"]
[ECO "A01"]
[Time "20:12:50"]
[TimeControl "2700+45"]

1. b3 c5 2. Bb2 Nc6 3. e3 Nf6 4. Nf3 e6 5. c4 Be7 6. Nc3 d5 7. cxd5 exd5 8. Bb5
Bd7 9. O-O O-O 10. d4 cxd4 11. Nxd4 Nxd4 12. Qxd4 Bxb5 13. Nxb5 Qd7 14. Qd3 a6
15. Nd4 Qg4 16. Nf5 Bd8 17. h3 Qe4 18. Rad1 Qxd3 19. Rxd3 g6 20. Nd6 b5 21. Bxf6
Bxf6 22. Rxd5 Rad8 23. Rfd1 Be7 24. Ne4 Rxd5 25. Rxd5 Rd8 26. Rxd8+ Bxd8 27. b4
Be7 28. a3 f5 29. Nc5 Bxc5 30. bxc5 Kf7 31. g4 Ke6 32. c6 Kd6 33. c7 Kxc7 34.
Kf1 Kc6 35. Ke2 Kc5 36. Kd3 b4 37. axb4+ Kxb4 38. gxf5 gxf5 39. Kc2 Kc4 40. f3
a5 41. e4 fxe4 42. fxe4 Kd4 43. Kb3 Kxe4 44. h4 h5 45. Ka4 Kf4 46. Kxa5 Kg4 47.
Kb4 Kxh4 48. Kc3 Kg3 49. Kd3 Kf3 50. Kd2 Kf2 51. Kd3 h4 52. Ke4 h3 53. Kf4 h2
{White resigns} 0-1

[Event "Team 45 45 League T53"]
[Site "Internet Chess Club"]
[Date "2012.06.17"]
[Round "5"]
[White "bmw2002"]
[Black "Lee-D"]
[Result "0-1"]
[WhiteElo "1575"]
[BlackElo "1487"]
[Opening "English, 1...Nf6 (Anglo-Indian defense)"]
[ECO "A15"]
[Time "20:00:07"]
[TimeControl "2700+45"]

1. c4 Nf6 2. g3 c6 3. Bg2 d5 4. cxd5 Nxd5 5. d4 Bf5 6. e4 Bg6 7. exd5 cxd5 8.
Nf3 e6 9. O-O Be7 10. Nc3 O-O 11. Ne5 Bf5 12. g4 Bg6 13. Nxg6 hxg6 14. Bf4 Nc6
15. Rc1 Rc8 16. a3 Qb6 17. Ne2 Qxb2 18. Rb1 Qxa3 19. Rxb7 Qa6 20. Rb2 g5 21. Bg3
g6 22. Qb1 Kg7 23. Ra2 Qb6 24. Qa1 a5 25. Rb1 Qd8 26. Rb6 Qxb6 {White resigns}
0-1

[Event "Team 45 45 League T53"]
[Site "Internet Chess Club"]
[Date "2012.06.18"]
[Round "5"]
[White "milesotoole"]
[Black "bookseller"]
[Result "0-1"]
[WhiteElo "1598"]
[BlackElo "1642"]
[Opening "Scotch: Schmidt variation"]
[ECO "C45"]
[Time "14:28:23"]
[TimeControl "2700+45"]

1. e4 e5 2. Nf3 Nc6 3. d4 exd4 4. Nxd4 Nf6 5. Nxc6 bxc6 6. Bd3 Bc5 7. e5 Qe7 8.
O-O Nd5 9. a3 O-O 10. c4 Nb6 11. b4 Bd4 12. Bxh7+ Kxh7 13. Qxd4 Ba6 14. Nd2 Qe6
15. Ne4 Qxc4 16. Ng5+ Kg8 17. Qd1 Qxf1+ 18. Qxf1 Bxf1 19. Kxf1 Nc4 20. Ne4 Nxe5
21. Bb2 Rfe8 22. Bd4 a5 23. Re1 Nd3 24. Re3 axb4 25. Ke2 Nf4+ 26. Kf3 Nd5 27.
Rd3 bxa3 28. Nc5 a2 29. Rd1 Ra3+ 30. Kg4 Nc3 31. Ra1 Nb1 32. Kf4 d6 33. Bb2 Ra5
34. Nd3 Ra4+ 35. Kf5 g6+ 36. Kg5 Ra5+ 37. Kf4 Rb8 38. Ke3 Rb3 39. Ke2 c5 40. h4
Rbb5 41. g4 c4 42. h5 cxd3+ 43. Kxd3 Rxb2 44. hxg6 fxg6 45. f4 Ra3+ 46. Ke4 Re2+
47. Kd5 Rf3 48. Kc6 Rxf4 49. Kxc7 d5 50. Kc6 d4 51. Kc5 d3 52. Kd5 d2 53. Kc5
d1=Q 54. g5 Rf5+ 55. Kb4 Re4# {White checkmated} 0-1

[Event "Team 45 45 League T53"]
[Site "Internet Chess Club"]
[Date "2012.06.18"]
[Round "5"]
[White "Ostap-Bender"]
[Black "burnsy"]
[Result "1-0"]
[WhiteElo "1449"]
[BlackElo "1554"]
[Opening "Grünfeld: Three knights variation"]
[ECO "D90"]
[Time "20:00:52"]
[TimeControl "2700+45"]

1. d4 Nf6 2. c4 g6 3. Nc3 Bg7 4. Nf3 d5 5. cxd5 Nxd5 6. Nxd5 Qxd5 7. e3 O-O 8.
Be2 Nc6 9. O-O Bf5 10. a3 Rfd8 11. b4 a6 12. Bb2 b5 13. Rc1 Qd7 14. Bd3 Bg4 15.
Qc2 Bxf3 16. gxf3 Nxd4 17. Bxd4 Bxd4 18. exd4 Qh3 19. Be4 Rxd4 20. Bxa8 Rh4 21.
Qxc7 Rh5 22. Qc8+ {Black resigns} 1-0

[Event "Team 45 45 League T53"]
[Site "Internet Chess Club"]
[Date "2012.06.16"]
[Round "5"]
[White "Iowa-Archer"]
[Black "AlPearson"]
[Result "1-0"]
[WhiteElo "1398"]
[BlackElo "1243"]
[Opening "Caro-Kann: anti-anti-Caro-Kann defense"]
[ECO "B10"]
[Time "12:07:39"]
[TimeControl "2700+45"]

1. e4 c6 2. c4 d5 3. cxd5 cxd5 4. exd5 Qxd5 5. Nc3 Qa5 6. d4 Nf6 7. Nf3 Bg4 8.
Bd2 Nc6 9. Ne4 Qf5 10. Nxf6+ Qxf6 11. d5 Ne5 12. Qa4+ Bd7 13. Bb5 Nxf3+ 14. gxf3
Qe5+ 15. Be3 Qxd5 16. Bxd7+ Qxd7 17. Qxd7+ Kxd7 18. Rd1+ Ke8 19. O-O b6 20. Rc1
e6 21. Rc7 Bc5 22. Rd1 Rf8 23. Bxc5 bxc5 24. Rdd7 Rd8 25. Re7# {Black
checkmated} 1-0

[Event "Team 45 45 League T53"]
[Site "Internet Chess Club"]
[Date "2012.06.13"]
[Round "5"]
[White "DouDou"]
[Black "moomaster"]
[Result "1/2-1/2"]
[WhiteElo "1443"]
[BlackElo "1644"]
[Opening "Caro-Kann defense"]
[ECO "B10"]
[Time "17:04:39"]
[TimeControl "2700+45"]

1. e4 c6 2. Nf3 d5 3. exd5 cxd5 4. d4 Bg4 5. Bf4 Nc6 6. Be2 Nf6 7. Nc3 e6 8. O-O
Be7 9. Qd2 Ne4 10. Qe3 g5 11. Bg3 f5 12. Be5 Nxe5 13. Nxe5 Bxe2 14. Nxe2 O-O 15.
c3 Bf6 16. Rad1 Bxe5 17. dxe5 f4 18. Qh3 Qc7 19. Qxe6+ Qf7 20. Qxd5 Qxd5 21.
Rxd5 Rfe8 22. f3 Nf6 23. exf6 Rxe2 24. Rxg5+ Kf7 25. Rg7+ Kxf6 26. Rxb7 Rg8 27.
Rf2 Re1+ 28. Rf1 Re2 29. Rxh7 Rgxg2+ 30. Kh1 Rxb2 31. Ra1 Rgf2 32. Rh3 Rbc2 33.
Kg1 Rg2+ 34. Kh1 Rgf2 35. Kg1 Rg2+ 36. Kh1 Rgf2 {Game drawn by repetition}
1/2-1/2